 Dungeon Crawl Stone Soup version 0.27-a0-1137-g3ef0f4ec91 (webtiles) character file.

Game seed: 16039668643882854866

8523 Armakuni the Nimble (level 11, -2/86 HPs)
             Began as a Human Gladiator on May 6, 2021.
             Was a Follower of Elyvilon.
             Killed from afar by an electric eel (12 damage)
             ... with a bolt of electricity
             ... on level 10 of the Dungeon.
             The game lasted 00:19:57 (10674 turns).

Armakuni the Nimble (Human Gladiator)              Turns: 10674, Time: 00:19:57

Health: -2/86      AC: 24    Str: 21    XL:     11   Next: 57%
Magic:  0/14       EV: 11    Int: 11    God:    Elyvilon [*.....]
Gold:   585        SH:  0    Dex: 15    Spells: 8/10 levels left

rFire    . . .     SeeInvis .   a - +0 quarterstaff (flame)
rCold    . . .     Faith    .   (shield currently unavailable)
rNeg     . . .     Spirit   +   i - +2 chain mail {rPois}
rPois    +         Reflect  .   w - +1 helmet
rElec    .         Harm     .   (no cloak)
rCorr    .         Rampage  .   y - +0 pair of gloves
Will     .....                  e - +2 pair of boots
Stlth    ..........             G - amulet of guardian spirit
HPRegen  0.24/turn              P - +4 ring of protection
MPRegen  0.14/turn              S - +6 ring of strength

@: no status effects
A: no striking features
a: Renounce Religion, Lesser Healing, Divine Protection


You were on level 10 of the Dungeon.
You worshipped Elyvilon.
Elyvilon was aware of your devotion.
You visited 3 branches of the dungeon, and saw 12 of its levels.

You collected 585 gold pieces.

Inventory:

Hand Weapons
 a - a +0 quarterstaff of flaming (weapon)
 o - a +0 great mace
Missiles
 d - a throwing net
 q - 7 atropa-tipped darts
 t - 8 javelins
Armour
 e - a +2 pair of boots (worn)
 h - +0 acid dragon scales
 i - a +2 chain mail of poison resistance (worn)
 w - a +1 helmet (worn)
 y - a +0 pair of gloves (worn)
Jewellery
 G - an amulet of guardian spirit (around neck)
 P - a +4 ring of protection (left hand)
 S - a +6 ring of strength (right hand)
Wands
 c - a wand of charming (9)
 j - a wand of iceblast (19)
Scrolls
 b - 5 scrolls of teleportation
 l - a scroll of magic mapping
 m - a scroll of enchant weapon {unknown}
 r - 2 scrolls of fear
 v - a scroll of blinking
 x - a scroll of silence {unknown}
 z - a scroll of vulnerability
 B - a scroll of identify
Potions
 f - 2 potions of attraction
 g - a potion of cancellation
 k - a potion of brilliance
 n - a potion of berserk rage
 s - 2 potions of flight
 u - 2 potions of might
 A - a potion of curing
Miscellaneous
 p - a box of beasts


   Skills:
 - Level 7.8 Fighting
 - Level 8.2 Staves
 - Level 2.0 Throwing
 - Level 8.3 Armour
 - Level 8.3 Dodging
 + Level 4.6 Invocations
 - Level 6.0 Evocations


You had 8 spell levels left.
You knew the following spells:

 Your Spells              Type           Power      Damage    Failure   Level
w - Wereblood             Tmut           0%         N/A       98%         2

Your spell library contained the following spells:

 Spells                   Type           Power      Damage    Failure   Level
 Beastly Appendage        Tmut           0%         N/A       94%         1
 Spider Form              Tmut/Pois      0%         N/A       100%        3
 Ice Form                 Ice/Tmut       0%         N/A       100%        4
 Hydra Form               Tmut           0%         N/A       100%        5


Dungeon Overview and Level Annotations

Branches:
Dungeon (10/15)            Temple (1/1) D:5             Orc (1/2) D:9
   Lair: D:8-11

Altars:
Ashenzari
Cheibriados
Dithmenos
Elyvilon
Fedhas
Gozag
Hepliaklqana
Kikubaaqudgha
Makhleb
Nemelex Xobeh
Qazlal
Ru
Sif Muna
Trog
Uskayaw
Vehumet
Wu Jian
Xom
Yredelemnul
Zin
The Shining One
Jiyva

Annotations:
D:7 3 runed translucent doors, ma3's ghost, novice DEVM
Orc:1 Blork the orc


Message History

The bolt of electricity hits the centaur warrior zombie!
You hit the centaur warrior zombie but do no damage.
The centaur warrior zombie is severely damaged.
The centaur warrior zombie barely misses you.
The centaur warrior zombie kicks you but does no damage.
You hit the centaur warrior zombie but do no damage.
The centaur warrior zombie is severely damaged.
The centaur warrior zombie hits you but does no damage.
The centaur warrior zombie kicks you.
You hit the centaur warrior zombie. You burn the centaur warrior zombie.
The centaur warrior zombie is severely damaged.
Your electric eel shoots out a bolt of lightning at the centaur warrior zombie!
The bolt of electricity hits the centaur warrior zombie!!
The centaur warrior zombie is destroyed!
Your electric eel looks stronger.
Found a flail.
You start resting.
The electric eel is no longer charmed.
The electric eel shoots out a bolt of lightning at you!
The bolt of electricity misses you. The bolt of electricity hits you!
You miss the electric eel.
The electric eel is lightly wounded.
The electric eel shoots out a bolt of lightning at you!
The bolt of electricity hits you! The bolt of electricity hits you!!
You barely miss the electric eel.
The electric eel is lightly wounded.
The electric eel shoots out a bolt of lightning at you!
The bolt of electricity hits you. The bolt of electricity hits you!
* * * LOW HITPOINT WARNING * * *
You bludgeon the electric eel!! You burn the electric eel!
The electric eel is heavily wounded.
Your chain mail prevents you from hitting the electric eel.
The electric eel is heavily wounded.
You hit the electric eel but do no damage.
The electric eel is heavily wounded.
The electric eel shoots out a bolt of lightning at you!
The bolt of electricity hits you!
* * * LOW HITPOINT WARNING * * *
The bolt of electricity hits you!
You die...

≈≈≈≈≈≈≈≈≈....#..#[........
≈≈≈≈≈≈≈≈≈≈....#.#.........
...≈≈≈≈...................
h≈≈≈≈≈≈≈≈.................
............#.........####
..≈≈≈≈≈≈≈≈..###....##.#
≈..≈≈≈≈≈≈.)# #....##'####
≈≈.≈≈≈≈.†.# #.#.........
≈≈≈.≈≈;@†.###.#..#......
≈≈≈..≈..........>#......
≈..≈.≈.≈...#######..≈...
)..........# #......
...#####...# #...... ..
##### #...≈.. . #...≈..


You could see an electric eel.

Vanquished Creatures
  Harold (D:7)
  A two-headed ogre (D:9)
  Maggie (D:7)
  An unseen horror (D:9)
  A troll (D:10)
  A hornet (D:9)
  A wraith (D:9)
  6 yaks
  A shadow (D:10)
  A steam dragon (D:8)
  Menkaure (D:7)
  2 water moccasins (D:7)
  2 sky beasts
  An ice beast (D:7)
  8 orc warriors
  A black bear (D:5)
  2 necrophages
  A wolf (D:10)
  An ogre (D:5)
  2 phantoms
  4 bullfrogs
  A gnoll sergeant (D:9)
  4 scorpions
  3 wights (D:9)
  7 killer bees
  2 electric eels
  2 howler monkeys (D:10)
  A bullfrog zombie (D:4)
  4 centaur zombies
  6 hounds
  A bullfrog skeleton (D:6)
  9 orc priests
  2 jellies
  Jessica (D:3)
  A centaur skeleton (D:7)
  12 orc wizards
  An iguana (D:6)
  A hound skeleton (D:5)
  11 adders
  A shadow imp (D:7)
  2 white imps
  An ufetubus (D:6)
  3 adder skeletons
  4 worms
  2 dart slugs
  45 orcs
  3 bats
  9 endoplasms
  4 giant cockroaches
  3 goblins (D:1)
  6 hobgoblins
  8 jackals
  3 quokkas
  12 ball pythons
  7 frilled lizards
  7 kobolds
  8 rats
237 creatures vanquished.

Vanquished Creatures (collateral kills)
  A centaur zombie (D:10)
  5 yaks
6 creatures vanquished.

Vanquished Creatures (others)
  2 yaks (D:9)
  2 orcs (D:8)
4 creatures vanquished.

Grand Total: 247 creatures vanquished

Notes
Turn   | Place    | Note
-------+----------+-------------------------------------------
     0 | D:1      | Armakuni the Human Gladiator began the quest for the Orb.
     0 | D:1      | Reached XP level 1. HP: 16/16 MP: 1/1
   111 | D:1      | Reached XP level 2. HP: 23/23 MP: 2/2
   402 | D:1      | Reached XP level 3. HP: 25/28 MP: 3/3
   739 | D:1      | Found a faded altar of an unknown god.
  1029 | D:2      | Reached XP level 4. HP: 34/35 MP: 4/4
  2387 | D:3      | Reached XP level 5. HP: 41/41 MP: 5/5
  2482 | D:3      | Noticed Jessica
  2487 | D:3      | Killed Jessica
  2574 | D:3      | Reached XP level 6. HP: 48/48 MP: 6/6
  2992 | D:4      | Reached skill level 5 in Staves
  3538 | D:4      | Reached skill level 5 in Fighting
  3563 | D:4      | Reached XP level 7. HP: 44/56 MP: 7/7
  3634 | D:4      | Found a burning altar of Makhleb.
  4386 | D:5      | Entered Level 5 of the Dungeon
  4386 | D:5      | Found an ornate altar of the Wu Jian Council.
  4386 | D:5      | Found a stormy altar of Qazlal.
  4658 | D:5      | Reached XP level 8. HP: 64/64 MP: 8/8
  4668 | D:5      | Found a broken altar of Ashenzari.
  4929 | D:5      | Found a staircase to the Ecumenical Temple.
  4973 | Temple   | Entered the Ecumenical Temple
  5236 | D:5      | Found a shadowy altar of Dithmenos.
  5973 | D:6      | Reached XP level 9. HP: 73/73 MP: 9/9
  6201 | D:6      | Reached skill level 1 in Evocations
  6471 | D:6      | Learned a level 2 spell: Wereblood
  6725 | D:7      | Noticed Maggie
  6741 | D:7      | Killed Maggie
  6742 | D:7      | Reached skill level 5 in Evocations
  7064 | D:7      | Noticed ma3's ghost (novice DEVM)
  7115 | D:7      | Reached skill level 1 in Armour
  7115 | D:7      | Found a runed translucent gate.
  7161 | D:7      | Found a runed translucent gate.
  7164 | D:7      | Found a runed translucent gate.
  7177 | D:7      | Noticed Harold
  7194 | D:7      | Killed Harold
  7195 | D:7      | Reached skill level 5 in Armour
  7195 | D:7      | Reached XP level 10. HP: 80/80 MP: 10/10
  7532 | D:7      | Noticed Menkaure
  7547 | D:7      | Killed Menkaure
  7967 | D:8      | Reached skill level 5 in Dodging
  8206 | D:8      | Found a glowing silver altar of Zin.
  8615 | D:9      | Found a large runed translucent door.
  8616 | D:9      | Found a large runed translucent door.
  8818 | D:9      | Found a blossoming altar of Fedhas.
  8843 | D:9      | Noticed a two-headed ogre
  8855 | D:9      | Killed a two-headed ogre
  8856 | D:9      | Reached XP level 11. HP: 45/86 MP: 8/11
  9032 | D:9      | Found a radiant altar of Vehumet.
  9772 | D:9      | Found a staircase to the Orcish Mines.
  9885 | D:9      | Found a shimmering blue altar of Sif Muna.
  9992 | D:9      | Found a white marble altar of Elyvilon.
 10001 | D:9      | Became a worshipper of Elyvilon the Healer
 10006 | D:9      | Found a sacrificial altar of Ru.
 10137 | Orc:1    | Entered Level 1 of the Orcish Mines
 10137 | Orc:1    | Noticed a +6 long sword
 10137 | Orc:1    | Noticed an orc knight
 10137 | Orc:1    | Noticed Blork the orc
 10194 | D:10     | Entered Level 10 of the Dungeon
 10310 | D:10     | Reached skill level 1 in Invocations
 10552 | D:10     | Found a snail-covered altar of Cheibriados.
 10604 | D:10     | Reached * piety under Elyvilon
 10674 | D:10     | Killed from afar by an electric eel

Illustrated notes

Levels and vault maps discovered:
D:1:      dpeg_arrival_shelter, layout_basic, hellmonk_ecumenical_altar_lost_god
D:2:      layout_basic, minmay_misc_feat_chi, amcnicky_mini_corridor_feature
D:3:      layout_loops_ring, minmay_guardbox, uniq_jessica
D:4:      layout_basic, makhleb_blood_cavern_becter, minmay_misc_feat_cross
D:5:      layout_basic, marbit_many_paths,
          chequers_temple_overflow_statue_of_worship, evilmike_ruin_ashenzari,
          minmay_temple_entry_overgrown, amethyst_killhole,
          corexii_hall_statues_x
D:6:      layout_basic, fountainhead
D:7:      layout_basic, gammafunk_ghost_icy, water_maze_lemuel, uniq_menkaure,
          uniq_maggie, uniq_harold
D:8:      layout_rooms, kennysheep_little_box
D:9:      layout_roguey, nicolae_overflow_hidden_temple, jmf_multi_god_temple2,
          david_orc_4, grunt_ministairs_15
D:10:     layout_basic, cheibrodos_worm_habitat, erik_lair_island
Temple:   pf_slimified_temple
Orc:1:    layout_diamond_mine, sword_in_stone

Skill      XL: |  1  2  3  4  5  6  7  8  9 10 11 |
---------------+----------------------------------+-----
Fighting       | 3 4 5 6 7 |  7.8
Staves         | 4 5 6 8 |  8.2
Evocations     | 6 |  6.0
Armour         | 5 7 8 |  8.3
Dodging        | 7 8 |  8.3
Invocations    | 4 |  4.6
Throwing       | |  2.0

Action                   |  1- 3 |  4- 6 |  7- 9 | 10-12 || total
-------------------------+-------+-------+-------+-------++-------
Melee: Quarterstaff      |    57 |    60 |   219 |   391 ||   727
 Fire: Hunting sling     |    31 |   114 |     2 |       ||   147
Throw: Throwing net      |       |     5 |     1 |     4 ||    10
       Javelin           |       |     3 |     5 |       ||     8
       Dart              |       |       |       |     3 ||     3
Evoke: Wand              |       |       |     9 |    20 ||    29
  Use: Potion            |       |     5 |     4 |       ||     9
       Scroll            |       |     8 |     4 |     3 ||    15
 Stab: Sleeping          |       |     1 |     1 |       ||     2
       Held in net/web   |       |       |     1 |     3 ||     4
       Invisible         |       |       |       |     2 ||     2
       Distracted        |       |       |       |     1 ||     1
Armor: Leather armour    |    25 |    31 |    99 |       ||   155
       Acid dragon scale |       |       |     5 |    69 ||    74
       Chain mail        |       |       |       |   142 ||   142
Dodge: Dodged            |    31 |    68 |   124 |   230 ||   453

Table legend: (Time is in decaauts)
 A = Elapsed time spent in this place.
 B = Non-inter-level travel time spent in this place.
 C = Inter-level travel time spent in this place.
 D = Time resting spent in this place.
 E = Time spent auto-exploring this place.
 F = Levels seen in this place.
 G = Mean time per level.
                   A        B        C        D        E       F      G
               +--------+--------+--------+--------+--------+-----+--------+
         Total |  10643 |  10308 |    335 |   1573 |   6595 |  12 |  886.9 |
       Dungeon |  10457 |  10122 |    335 |   1573 |   6433 |  10 | 1045.7 |
        Temple |    181 |    181 |      0 |      0 |    162 |   1 |  181.0 |
  Orcish Mines |      3 |      3 |      0 |      0 |      0 |   1 |    3.0 |
               +--------+--------+--------+--------+--------+-----+--------+

Top non-repeatable levels by time:
     D:9: 1562 daAuts
     D:4: 1485 daAuts
     D:6: 1275 daAuts
     D:2: 1204 daAuts
     D:7: 1136 daAuts
     D:3: 955 daAuts
     D:1: 812 daAuts
     D:8: 802 daAuts
     D:5: 741 daAuts
    D:10: 480 daAuts
  Temple: 181 daAuts
   Orc:1: 3 daAuts
